Map: Babylon LE

Players

frozen - Winner!

  • Race: Zerg Zerg
  • League: Diamond
  • Spawn Location: 5:00

AmorPhism

  • Race: Protoss Protoss
  • League: Diamond
  • Spawn Location: 11:00

VOD

Have the link to the VOD?

Description

Time

  • Played on: Feb. 22, 2023, 12:25 p.m.
  • Length: 20:10
Show
View Real Time Build Order
Export as new Build Order

frozen Zerg - Winner!

Build Orders: Hatch First, Lurkers 

Get SALT Encoding   

  12  0:00  Drone  
  13  0:12  Overlord  
  13  0:17  Drone  
  14  0:30  Drone x2  
  16  0:49  Hatchery  
  15  0:53  Drone  
  15  0:55  Drone  
  17  0:59  Drone  
  18  1:10  Extractor  
  17  1:15  Spawning Pool  
  16  1:18  Drone  
  16  1:21  Drone  
  18  1:28  Drone  
  19  1:49  Drone  
  19  1:52  Drone  
  21  2:02  Queen x2  
  25  2:12  Metabolic Boost  
  25  2:17  Drone x2  
  25  2:18  Overlord  
  25  2:19  Zergling x2  
  28  2:41  Queen  
  28  2:42  Zergling x2  
  28  2:43  Overlord  
  31  2:47  Hatchery  
  30  2:54  Drone  
  30  2:55  Zergling x4  
  33  2:59  Overlord  
  32  3:12  Queen  
  32  3:14  Drone x2  
  32  3:16  Drone  
  37  3:23  Drone x2  
  39  3:27  Spore Crawler  
  39  3:29  Drone  
  39  3:30  Drone  
  40  3:44  Zergling x2  
  40  3:45  Drone  
  40  3:47  Drone  
  43  3:49  Roach Warren  
  43  3:55  Drone x2  
  44  3:57  Lair  
  44  4:00  Drone x2  
  46  4:06  Drone x3, Zergling x2  
  48  4:11  Drone  
  48  4:13  Zergling x4  
  48  4:15  Spore Crawler  
  49  4:23  Zergling x8  
  53  4:24  Drone  
  53  4:27  Drone x2  
  55  4:35  Drone x2  
  55  4:39  Zergling x2  
  55  4:40  Zergling x2  
  55  4:42  Drone  
  58  4:47  Overlord  
  58  4:51  Overlord  
  58  4:53  Overlord  
  58  5:04  Drone  
  58  5:05  Queen  
  59  5:08  Drone x2  
  59  5:09  Drone x3  
  59  5:11  Extractor  
  60  5:18  Drone x3  
  61  5:22  Drone x2, Spore Crawler  
  61  5:24  Drone x3  
  61  5:25  Drone x2  
  61  5:26  Drone  
  68  5:29  Drone x2, Hydralisk Den  
  68  5:30  Drone x3  
  68  5:32  Baneling Nest  
  71  5:38  Queen  
  71  5:45  Extractor  
  70  5:58  Zergling x2  
  70  5:59  Drone x2  
  70  6:04  Muscular Augments  
  72  6:05  Drone  
  72  6:07  Extractor  
  72  6:09  Extractor  
  72  6:10  Drone  
  72  6:12  Extractor  
  72  6:14  Overlord x2  
  72  6:16  Zergling x4  
  72  6:18  Evolution Chamber  
  72  6:19  Hatchery  
  72  6:22  Evolution Chamber  
  72  6:23  Evolution Chamber  
  72  6:25  Drone x3  
  71  6:26  Drone  
  71  6:27  Drone x5  
  71  6:28  Centrifugal Hooks  
  71  6:29  Zergling x4  
  71  6:30  Zergling x4  
  71  6:32  Overlord  
  82  6:33  Overlord  
  82  6:44  Drone  
  83  6:48  Hydralisk x4  
  83  6:50  Drone  
  83  6:51  Overlord  
  83  6:52  Zergling x6  
  83  6:53  Zergling x2  
  96  6:57  Zerg Melee Weapons Level 1  
  95  7:03  Zergling x6  
  95  7:06  Zerg Missile Weapons Level 1  
  97  7:15  Grooved Spines  
  97  7:16  Zergling x6  
  97  7:20  Zergling x2  
  97  7:21  Zergling x8  
  100  7:23  Zerg Ground Armor Level 1  
  100  7:25  Zergling x4  
  100  7:26  Zergling x6  
  100  7:28  Zergling x4  
  107  7:31  Overlord  
  107  7:32  Zergling x2  
  107  7:37  Drone  
  107  7:38  Drone  
  107  7:39  Drone  
  107  7:40  Hatchery  
  107  7:42  Zergling x2  
  107  7:44  Baneling x5  
  110  7:56  Hydralisk x2  
  110  7:57  Hydralisk x5  
  110  7:58  Hydralisk x2  
  126  8:04  Baneling  
  126  8:05  Baneling x4  
  128  8:17  Zergling x4  
  128  8:19  Overlord x2  
  130  8:23  Overlord  
  130  8:30  Lurker Den, Infestation Pit  
  128  8:35  Hatchery  
  121  8:43  Zergling x4  
  121  8:46  Hydralisk x2  
  121  8:47  Hydralisk x6  
  125  8:55  Hydralisk  
  125  8:56  Hydralisk  
  125  8:57  Zergling x6  
  125  9:01  Zergling x6  
  129  9:08  Zerg Missile Weapons Level 2  
  125  9:11  Zergling x4  
  125  9:12  Hydralisk, Zergling x8  
  127  9:19  Baneling x3  
  127  9:20  Baneling x4  
  127  9:23  Zergling x4  
  123  9:27  Zergling x2  
  123  9:30  Zerg Ground Armor Level 2, Zergling x6  
  123  9:34  Zergling x8  
  123  9:35  Zergling x2  
  125  9:45  Zergling x6  
  127  9:51  Zergling x6  
  124  9:59  Zergling x8  
  127  10:05  Zergling x8  
  113  10:18  Hydralisk x4  
  113  10:19  Hydralisk x2  
  111  10:24  Spore Crawler  
  111  10:26  Hydralisk x4  
  117  10:28  Lurker x3  
  117  10:31  Hydralisk, Zergling x6  
  117  10:33  Spore Crawler  
  122  10:38  Hive  
  122  10:42  Zerg Melee Weapons Level 2  
  122  10:44  Zergling x4  
  122  10:47  Lurker  
  125  10:53  Lurker  
  126  11:01  Drone x3  
  127  11:05  Extractor  
  126  11:12  Drone x3  
  126  11:14  Drone x3, Extractor  
  126  11:15  Drone x2  
  126  11:16  Drone x2, Hydralisk x2  
  139  11:20  Spore Crawler x2  
  139  11:22  Spine Crawler  
  139  11:25  Lurker x3  
  138  11:31  Drone x3, Hydralisk x2  
  146  11:34  Hydralisk  
  146  11:35  Overlord  
  146  11:37  Overseer  
  146  11:39  Hydralisk  
  150  11:50  Hydralisk  
  150  11:53  Viper  
  155  11:55  Overlord  
  155  11:56  Seismic Spines  
  155  12:03  Viper  
  155  12:05  Drone  
  138  12:23  Hydralisk x3  
  138  12:26  Lurker x3  
  138  12:27  Zergling x2  
  138  12:28  Zergling x2  
  148  12:34  Lurker  
  148  12:35  Lurker  
  148  12:36  Lurker  
  142  12:45  Lurker  
  142  12:46  Lurker x2  
  142  12:49  Overlord  
  142  12:50  Zergling x2  
  142  12:51  Zergling x4  
  148  12:53  Adaptive Talons  
  148  12:56  Zergling x10  
  148  12:57  Lurker  
  154  12:59  Hatchery, Zergling x4  
  154  13:03  Hatchery  
  154  13:06  Lurker x2  
  156  13:14  Spine Crawler  
  156  13:16  Spine Crawler  
  156  13:19  Spine Crawler, Zerg Missile Weapons Level 3  
  153  13:22  Zergling x6  
  153  13:23  Lurker x2  
  130  13:48  Viper x2  
  130  13:52  Zergling x4  
  130  13:53  Zergling x2  
  130  13:54  Hydralisk x3  
  145  13:56  Zergling x8  
  145  13:57  Zergling x12  
  145  13:58  Zergling x4  
  153  14:06  Hydralisk, Zergling x10  
  153  14:07  Hydralisk x6  
  153  14:08  Hydralisk  
  162  14:28  Drone x3  
  162  14:29  Drone x2  
  167  14:48  Roach x4  
  167  14:49  Overlord  
  175  14:58  Zergling x2  
  175  15:04  Drone x3  
  172  15:10  Hydralisk x3, Roach x3  
  172  15:12  Overlord  
  184  15:14  Overlord x2  
  184  15:15  Overlord  
  182  15:25  Zerg Ground Armor Level 3  
  182  15:27  Zerg Melee Weapons Level 3  
  179  15:30  Viper  
  179  15:31  Overlord  
  179  15:32  Lurker  
  179  15:33  Lurker x3  
  186  15:36  Hydralisk x2  
  162  15:58  Zergling x8  
  162  15:59  Roach x2  
  162  16:00  Roach x6  
  158  16:04  Roach  
  158  16:05  Roach  
  158  16:07  Spire  
  158  16:09  Spire  
  158  16:21  Hatchery  
  158  16:24  Hydralisk x5  
  158  16:25  Hydralisk x5  
  177  16:33  Hydralisk  
  177  16:34  Hydralisk x2  
  179  16:48  Hydralisk x4  
  157  17:08  Hydralisk x3  
  146  17:11  Hydralisk x3  
  146  17:12  Hydralisk x2  
  156  17:26  Hydralisk x4  
  148  17:30  Hydralisk  
  148  17:31  Hydralisk  
  135  17:55  Zerg Flyer Weapons Level 1  
  135  17:56  Zerg Flyer Armor Level 1  
  135  18:04  Extractor  
  135  18:05  Extractor  
  132  18:06  Drone x2  
  132  18:07  Drone x4  
  132  18:08  Drone  
  132  18:11  Corruptor x3  
  145  18:13  Drone x3  
  139  18:47  Corruptor x5  
  139  18:48  Corruptor  
  128  19:02  Corruptor x3  
  122  19:06  Ultralisk Cavern  
  122  19:08  Corruptor x2  
  122  19:09  Corruptor  
  127  19:15  Lurker x2  
  127  19:16  Lurker x2  
  131  19:28  Zergling x2  
  131  19:29  Corruptor, Zergling x8  
  131  19:30  Corruptor x2  
  142  19:33  Drone  
  134  19:39  Corruptor  
Show
View Real Time Build Order
Export as new Build Order

AmorPhism Protoss 

Build Orders: 1 Gate Expand, Oracle Opening, Carriers 

Get SALT Encoding   

  12  0:00  Probe  
  13  0:12  Probe  
  14  0:19  Pylon  
  14  0:24  Probe  
  15  0:37  Probe  
  15  0:39  Gateway  
  16  0:44  Assimilator  
  16  0:49  Probe (Chrono Boost)  
  17  1:01  Probe (Chrono Boost)  
  18  1:06  Probe (Chrono Boost)  
  19  1:16  Probe  
  20  1:26  Nexus  
  20  1:37  Cybernetics Core  
  20  1:42  Assimilator  
  20  1:48  Probe (Chrono Boost)  
  20  1:51  Pylon  
  21  2:00  Probe (Chrono Boost)  
  22  2:05  Probe (Chrono Boost)  
  23  2:10  Adept (Chrono Boost)  
  23  2:15  Probe  
  26  2:23  Stargate  
  26  2:27  Probe, Warp Gate  
  27  2:38  Stalker  
  27  2:39  Probe  
  27  2:41  Probe  
  31  2:51  Probe  
  32  2:53  Probe  
  33  3:03  Probe  
  34  3:06  Oracle (Chrono Boost)  
  34  3:08  Probe  
  38  3:13  Adept  
  38  3:17  Probe  
  41  3:22  Probe  
  41  3:23  Gateway  
  41  3:25  Pylon  
  42  3:29  Probe  
  43  3:41  Probe  
  43  3:47  Probe  
  45  3:52  Oracle (Chrono Boost)  
  45  3:53  Probe  
  49  4:06  Nexus  
  49  4:07  Pylon  
  45  4:10  Probe x2  
  45  4:16  Adept  
  49  4:19  Stalker  
  49  4:22  Probe  
  50  4:25  Probe  
  50  4:34  Probe  
  50  4:37  Probe  
  52  4:40  Oracle  
  52  4:45  Twilight Council  
  55  4:46  Probe, Forge  
  56  4:56  Stalker  
  56  4:57  Zealot  
  60  5:01  Gateway x2  
  60  5:05  Shield Battery  
  60  5:06  Probe  
  57  5:11  Probe  
  56  5:17  Blink (Chrono Boost)  
  56  5:18  Probe, Protoss Ground Weapons Level 1  
  56  5:19  Probe  
  57  5:23  Probe  
  58  5:30  Probe  
  58  5:31  Assimilator, Probe  
  58  5:33  Assimilator  
  60  5:36  Probe (Chrono Boost)  
  60  5:40  Stalker  
  64  5:43  Probe (Chrono Boost)  
  64  5:45  Probe (Chrono Boost)  
  64  5:48  Pylon  
  66  5:54  Probe (Chrono Boost)  
  68  5:57  Probe (Chrono Boost)  
  68  5:58  Probe (Chrono Boost)  
  68  6:01  Probe (Chrono Boost)  
  69  6:09  Probe  
  69  6:10  Probe, Robotics Facility  
  71  6:14  Gateway  
  71  6:15  Gateway  
  71  6:16  Stalker x3  
  71  6:17  Photon Cannon  
  77  6:20  Probe, Photon Cannon  
  77  6:23  Photon Cannon x2  
  78  6:27  Stalker  
  78  6:30  Probe  
  78  6:32  Shield Battery  
  81  6:34  Pylon  
  81  6:39  Photon Cannon  
  81  6:47  Pylon  
  81  6:51  Photon Cannon  
  81  6:53  Photon Cannon  
  81  6:54  Stalker x2  
  81  6:55  Sentry  
  85  7:10  Probe x2  
  85  7:11  Stalker x2, Probe  
  85  7:12  Stalker  
  85  7:13  Pylon  
  94  7:24  Protoss Ground Weapons Level 2  
  94  7:28  Probe x2  
  96  7:31  Pylon  
  96  7:33  Charge (Chrono Boost), Probe  
  97  7:39  Robotics Bay  
  97  7:40  Probe  
  97  7:42  Probe  
  99  7:45  Probe  
  99  7:46  Assimilator  
  99  7:49  Stalker x2, Assimilator  
  99  7:50  Stalker x3  
  110  7:52  Probe, Shield Battery  
  110  7:56  Probe  
  112  8:00  Probe  
  112  8:02  Pylon  
  112  8:04  Probe  
  114  8:05  Photon Cannon  
  114  8:09  Shield Battery  
  114  8:11  Shield Battery  
  114  8:12  Observer  
  115  8:14  Pylon  
  115  8:18  Pylon  
  115  8:23  Pylon  
  115  8:26  Zealot x3  
  115  8:27  Zealot x2  
  123  8:41  Pylon  
  123  8:42  Stalker  
  123  8:44  Pylon  
  121  8:51  Colossus (Chrono Boost)  
  121  8:58  Stalker x5  
  137  9:07  Extended Thermal Lance (Chrono Boost)  
  135  9:11  Nexus, Templar Archives  
  135  9:15  Pylon  
  135  9:18  Pylon  
  135  9:21  Pylon  
  123  9:40  Stalker  
  123  9:42  Colossus (Chrono Boost)  
  127  9:46  Stalker x3, Protoss Ground Weapons Level 3 (Chrono Boost)  
  127  9:47  Stalker  
  127  9:48  Stalker  
  124  10:08  Stalker  
  124  10:09  Stalker  
  124  10:10  Stalker x3  
  124  10:20  Shield Battery, Photon Cannon  
  120  10:22  Gateway  
  120  10:23  Colossus  
  120  10:24  Gateway  
  120  10:30  Photon Cannon  
  120  10:32  Shield Battery  
  120  10:35  Probe  
  121  10:36  Probe x2, Photon Cannon  
  121  10:41  Gateway  
  129  10:43  Robotics Facility  
  129  10:50  Probe x2  
  131  11:11  Observer  
  131  11:12  Gateway  
  131  11:14  Gateway  
  132  11:18  Robotics Facility  
  132  11:19  Probe x3  
  132  11:23  Zealot x6  
  147  11:32  Disruptor  
  147  11:33  Disruptor  
  147  11:39  Assimilator  
  153  11:41  Assimilator  
  153  11:46  High Templar  
  155  11:47  High Templar x2  
  155  11:48  High Templar x2  
  155  11:50  High Templar  
  155  11:52  Archon  
  155  11:53  Archon  
  165  11:57  Archon  
  165  12:02  Nexus  
  165  12:05  Zealot, Pylon  
  165  12:06  Zealot x2  
  165  12:07  Pylon  
  165  12:08  Disruptor  
  158  12:21  Disruptor x2  
  153  12:25  Protoss Shields Level 1 (Chrono Boost)  
  147  12:31  Photon Cannon  
  147  12:32  Gateway  
  147  12:34  Gateway  
  147  12:37  Pylon  
  147  12:38  Stargate  
  147  12:43  Disruptor  
  147  12:46  Photon Cannon  
  147  12:47  Shield Battery  
  147  12:49  Shield Battery  
  147  12:50  Photon Cannon  
  150  12:52  Fleet Beacon  
  150  13:05  Zealot x2  
  150  13:06  Zealot x6  
  150  13:11  Probe x2  
  168  13:15  Disruptor x2  
  168  13:18  Protoss Air Weapons Level 1 (Chrono Boost)  
  174  13:46  Carrier (Chrono Boost)  
  174  13:47  Carrier (Chrono Boost)  
  176  14:06  Psionic Storm  
  172  14:19  Probe x2  
  172  14:20  Stargate  
  172  14:22  Photon Cannon  
  172  14:23  Pylon  
  166  14:24  Nexus, Photon Cannon  
  166  14:26  Pylon  
  166  14:28  Pylon  
  166  14:29  Dark Shrine, Gateway, High Templar  
  166  14:30  High Templar x2  
  172  14:31  Pylon  
  172  14:34  Zealot x7  
  186  14:42  Carrier x2 (Chrono Boost)  
  192  14:52  Protoss Shields Level 2 (Chrono Boost)  
  184  15:12  Assimilator  
  184  15:15  Assimilator  
  181  15:27  Photon Cannon  
  181  15:28  Photon Cannon  
  181  15:29  Photon Cannon  
  181  15:31  Shield Battery  
  181  15:32  Shield Battery  
  181  15:37  Shield Battery  
  181  15:39  Zealot x8  
  197  15:42  Pylon  
  191  15:53  Disruptor x2  
  174  15:59  Carrier x2 (Chrono Boost)  
  162  16:23  High Templar x3  
  162  16:24  High Templar  
  170  16:26  Disruptor  
  170  16:28  Archon  
  170  16:32  Nexus  
  170  16:33  Pylon  
  170  16:35  Pylon  
  170  16:36  Zealot x4  
  170  16:37  Zealot x3  
  170  16:38  Zealot x3  
  149  16:57  Stalker  
  149  16:58  Zealot x4, Carrier  
  149  16:59  Zealot x7  
  154  17:07  Carrier  
  130  17:11  Probe x3  
  127  17:21  High Templar x3  
  127  17:22  High Templar  
  127  17:24  Zealot x4  
  127  17:25  Zealot  
  127  17:31  Archon x2  
  109  17:42  Observer (Chrono Boost)  
  109  17:43  Probe  
  109  17:44  Probe  
  108  17:47  Zealot x3  
  114  17:56  Colossus (Chrono Boost)  
  114  17:57  Disruptor (Chrono Boost)  
  117  18:08  Zealot  
  117  18:09  Zealot  
  117  18:10  Zealot  
  117  18:11  Colossus (Chrono Boost)  
  129  18:21  High Templar x2  
  129  18:23  Zealot x4  
  118  18:51  Dark Templar x3  
  108  19:02  Carrier  
  114  19:06  Nexus  
  114  19:09  Archon  
  114  19:11  Dark Templar  
  114  19:16  Pylon  
  116  19:20  Archon  
  116  19:28  Dark Templar  
  116  19:29  Zealot  
Tags
 
Add a new tag
Caveats
  • Supply blocks, unpowered buildings, or Contaminate may cause inaccurate times.
  • Supply counts are checked every 10 seconds.